 Dungeon Crawl Stone Soup version 0.28.0 (webtiles) character file.

Game seed: 8788241822226836906

46 a3don the Chiller (level 3, -2/20 HPs)
             Began as a Gargoyle Ice Elementalist on Feb 15, 2022.
             Slain by a goblin (5 damage)
             ... led by Robin
             ... on level 2 of the Dungeon.
             The game lasted 00:02:39 (1695 turns).

a3don the Chiller (Gargoyle Ice Elementalist)       Turns: 1695, Time: 00:02:39

Health: -2/20      AC:  5    Str: 11    XL:     3   Next: 66%
Magic:  2/6        EV: 12    Int: 17    God:
Gold:   32         SH:  0    Dex: 16    Spells: 6/7 levels left

rFire   . . .      SeeInvis .   b - +0 club
rCold   . . .      Faith    .   (no shield)
rNeg    + . .      Spirit   .   a - +0 robe
rPois   ∞          Reflect  .   (no helmet)
rElec   +          Harm     .   (no cloak)
rCorr   .          Rampage  .   (no gloves)
Will    .....                   (no boots)
Stlth   ++........              (no amulet)
HPRegen 0.06/turn               c - +6 ring of dexterity
MPRegen 0.10/turn               (no ring)

@: no status effects
A: sickness immunity, AC +3, negative energy resistance 1, electricity
resistance, torment resistance 1, petrification resistance
a: no special abilities


You were on level 2 of the Dungeon.
You visited 1 branch of the dungeon, and saw 2 of its levels.

You collected 32 gold pieces.

Inventory:

Hand Weapons
 b - a +0 club (weapon)
Armour
 a - a +0 robe (worn)
Jewellery
 c - a +6 ring of dexterity (left hand)
Scrolls
 d - a scroll of blinking {unknown}
 e - a scroll of vulnerability {unknown}


   Skills:
 + Level 0.4 Fighting
 + Level 2.1 Dodging
 - Level 2.8 Stealth
 + Level 2.5 Spellcasting
 + Level 4.3 Ice Magic


You had 6 spell levels left.
You knew the following spells:

 Your Spells              Type           Power      Damage    Failure   Level
a - Freeze                Ice            64%        1d8       3%          1

Your spell library contained the following spells:

 Spells                   Type           Power      Damage    Failure   Level
 Frozen Ramparts          Ice            32%        1d5       10%         3
 Ozocubu's Armour         Ice            16%        N/A       10%         3
 Hailstorm                Conj/Ice       9%         3d4       58%         4


Dungeon Overview and Level Annotations

Branches:
Dungeon (2/15)

Altars:

Shops:
D:1 [


Innate Abilities, Weirdness & Mutations

You are immune to sickness and miasma.
Your stone body is resilient. (AC +3)
You are immune to poison.
You resist negative energy. (rN+)
You are resistant to electric shocks. (rElec)
You are resistant to unholy torment.
You are immune to petrification.


Message History

You kill the goblin!
Things that are here:
a +0 club; a goblin corpse
Casting: Freeze (safe; 3% risk of failure)
Confirm with . or Enter, or press ? or * to list all spells.
Aiming: Freeze (safe; 3% risk of failure)
Press: ? - help, Shift-Dir - straight line, f - Robin
Aim: Robin, wielding a +0 falchion, wearing a +0 animal skin and wearing a +0 helmet You freeze Robin.
Robin is moderately wounded.
Robin says, "Feeling lonely?"
Robin barely misses you.
Casting: Freeze (safe; 3% risk of failure)
Confirm with . or Enter, or press ? or * to list all spells.
Aiming: Freeze (safe; 3% risk of failure)
Press: ? - help, Shift-Dir - straight line, f/p - Robin
Aim: Robin, wielding a +0 falchion, wearing a +0 animal skin and wearing a +0 helmet (moderately wounded)
You freeze Robin.
Robin is severely wounded.
Robin throws the goblin at you!
Casting: Freeze (safe; 3% risk of failure)
Confirm with . or Enter, or press ? or * to list all spells.
Aiming: Freeze (safe; 3% risk of failure)
Press: ? - help, Shift-Dir - straight line, f/p - Robin
Aim: Robin, wielding a +0 falchion, wearing a +0 animal skin and wearing a +0 helmet (heavily wounded)
You freeze Robin.
Robin is severely wounded.
The goblin hits you with a +0 club. Robin closely misses you.
Casting: Freeze (safe; 3% risk of failure)
Confirm with . or Enter, or press ? or * to list all spells.
Aiming: Freeze (safe; 3% risk of failure)
Press: ? - help, Shift-Dir - straight line, f/p - Robin
Aim: Robin, wielding a +0 falchion, wearing a +0 animal skin and wearing a +0 helmet (severely wounded)
You freeze Robin!
You kill Robin!
The goblin hits you with a +0 club.
* * * LOW HITPOINT WARNING * * *
You hit the goblin but do no damage. The goblin closely misses you.
The goblin hits you with a +0 dagger.
You die...

.....................##.
.....................#
...#.........g.......#
.............g.......#
###..................#
#.......#..g.......#
#####.Z.###........#
#############........#
#.....g@gg)).........#
#)####################
#.......# #<# #######.#
#.# #.# #.# #.# #.#
#.###########.#
#.............#
###############


You could see 3 goblins.

Vanquished Creatures
  Robin (D:2)
  A worm (D:2)
  A dart slug (D:1)
  A giant cockroach (D:1)
  11 goblins
  5 hobgoblins
  A quokka (D:1)
  A ball python (D:1)
  A bat (D:1)
  3 kobolds
  A rat (D:1)
27 creatures vanquished.

Notes
Turn   | Place    | Note
-------+----------+-------------------------------------------
     0 | D:1      | a3don the Gargoyle Ice Elementalist began the quest for the
                  | Orb.
     0 | D:1      | Reached XP level 1. HP: 10/10 MP: 3/3
   471 | D:1      | Reached XP level 2. HP: 12/15 MP: 0/5
   653 | D:1      | Found Womummogh's Armour Shoppe.
   764 | D:1      | Found a faded altar of an unknown god.
  1339 | D:2      | Noticed Robin
  1368 | D:2      | Reached XP level 3. HP: 16/19 MP: 6/6
  1694 | D:2      | Killed Robin
  1695 | D:2      | Slain by a goblin

Illustrated notes

Levels and vault maps discovered:
D:1:      lightli_arrival_flooded_house, layout_rooms, serial_shops,
          nicolae_diamond_shop, shapermc_ecumenical_altar_ellora
D:2:      minmay_chambers_of_twos, layout_basic, lightli_corner_chamber,
          uniq_robin, uniq_sigmund

Skill      XL: |  1  2 |
---------------+-------+-----
Dodging        | 2 |  2.1
Fighting       | |  0.4
Stealth        | |  2.8
Spellcasting   | |  2.5
Ice Magic      | |  4.3

Action                   || total
-------------------------++-------
Melee: Unarmed           ||    17
       Club              ||    30
 Cast: Freeze            ||    38
Armor: Robe              ||    23
Dodge: Dodged            ||    49
